 Dungeon Crawl Stone Soup version 0.15.2 (webtiles) character file.

240 magipi the Agent of Entropy (level 6, -1/47 HPs)
             Began as a Formicid Abyssal Knight on Jan 29, 2015.
             Was a Priest of Lugonu.
             Succumbed to poison (a potion of poison)
             ... on Level 4 of the Dungeon.
             The game lasted 00:18:29 (3805 turns).

magipi the Agent of Entropy (FoAK)                  Turns: 3805, Time: 00:18:30

HP  -1/47        AC 10     Str 16      XL: 6   Next: 30%
MP  13/13        EV  6     Int 15      God: Lugonu [***...]
Gold 146         SH  0     Dex 12      Spells:  0 memorised,  5 levels left

rFire  . . .     SeeInvis +     a - +1 mace
rCold  . . .     Clarity  +     f - +0 chain mail (curse)
rNeg   . . .     rCorr    .     (no shield)
rPois  .         rRot     .     (helmet unavailable)
rElec  .         Spirit   .     p - +1 cloak
SustAb .         Warding  .     (no gloves)
rMut   .         Stasis   +     (no boots)
Gourm  .                        l - amulet of clarity
MR     .....                    (no ring)
                                t - +3 ring of intelligence

@: lethally poisoned, not resistant to hostile enchantments, extremely
unstealthy
A: permanent stasis, dig shafts and tunnels, four strong arms, antennae 3
a: Dig, Shaft Self, Depart the Abyss, Bend Space, Banish, Renounce Religion


You were on level 4 of the Dungeon.
You worshipped Lugonu.
Lugonu was most pleased with you.
You were hungry.

You visited 1 branch of the dungeon, and saw 4 of its levels.
You visited the Abyss 1 time.

You collected 146 gold pieces.

Inventory:

Hand weapons
 a - a +1 mace (weapon)
Missiles
 k - 23 stones (quivered)
 r - 5 silver tomahawks
 w - 10 poisoned needles
Armour
 f - a cursed +0 chain mail (worn)
 p - a +1 cloak (worn)
Magical devices
 q - a wand of frost (16)
Comestibles
 c - 2 bread rations
 i - 12 fruits
 n - a slice of pizza
 o - a beef jerky
Scrolls
 b - 5 scrolls of remove curse {unknown}
 d - 5 scrolls of identify {unknown}
 e - 2 scrolls of magic mapping {unknown}
 s - a scroll of teleportation {unknown}
 v - a scroll of immolation {unknown}
 x - a scroll of enchant weapon {unknown}
Jewellery
 l - an amulet of clarity (around neck)
 t - a +3 ring of intelligence (left hand)
Potions
 j - a potion of haste


   Skills:
 - Level 3.2 Fighting
 + Level 4.6 Maces & Flails
 - Level 2.1 Armour
 - Level 0.8 Dodging
 + Level 5.2 Invocations


You had 5 spell levels left.
You didn't know any spells.

Dungeon Overview and Level Annotations

Branches:
Dungeon (4/15)
 Temple: D:4-7

Altars:
Ashenzari
Nemelex Xobeh

Annotations:
D:4 Blork the orc


Innate Abilities, Weirdness & Mutations

Your are under a permanent stasis effect.
You can dig through walls and to a lower floor.
Your four strong arms can wield two-handed weapons with a shield.
You have a pair of large antennae on your head (SInv).

Vault maps used:
D:1:      matt_arrival_diagonals
D:3:      overflow_temple_1_default, first_bread
D:4:      lemuel_crystal_altar, temple_statues, uniq_sigmund, uniq_blork_the_orc


Message History

There is an open door here.
You open the door.
Found an escape hatch in the ceiling.
There is an open door here.
You open the door.
There is an open door here.
You open the door.
Found 10 gold pieces.
There is an open door here.
You now have 146 gold pieces (gained 10).
You open the door.
There is an open door here.
As you open the door, it creaks loudly!
There is an open door here.
You open the door.
There is an open door here.
You are feeling hungry.
You open the door.
A scorpion comes into view.
Your chain mail prevents you from hitting the scorpion.
The scorpion stings you.
You are poisoned.
The scorpion poisons you!
You closely miss the scorpion.
You feel sick. The scorpion stings you.
You barely miss the scorpion.
You feel sick.
The scorpion stings you but does no damage.
The scorpion closely misses you.
You hit the scorpion.
The scorpion is lightly wounded.
You feel sick. The scorpion barely misses you.
You hit the scorpion but do no damage.
The scorpion is lightly wounded.
The scorpion stings you.
You are more poisoned.
The scorpion poisons you!
You hit the scorpion but do no damage.
The scorpion is lightly wounded.
You feel sick. The scorpion stings you.
Your chain mail prevents you from hitting the scorpion.
The scorpion is lightly wounded.
You feel sick.
The scorpion stings you but does no damage.
You hit the scorpion.
The scorpion is heavily wounded.
You feel sick.
The scorpion stings you but does no damage.
You hit the scorpion but do no damage.
The scorpion is heavily wounded.
You feel sick. The scorpion stings you.
The scorpion stings you but does no damage.
You hit the scorpion.
The scorpion is severely wounded.
You feel sick. The scorpion barely misses you.
Unknown command.
Your chain mail prevents you from hitting the scorpion.
The scorpion is severely wounded.
You feel sick.
The scorpion stings you but does no damage.
You closely miss the scorpion.
The scorpion is severely wounded.
You feel sick. The scorpion stings you.
You hit the scorpion but do no damage.
The scorpion is severely wounded.
You feel sick. The scorpion stings you.
You hit the scorpion but do no damage.
The scorpion is severely wounded.
You feel sick. The scorpion closely misses you.
You barely miss the scorpion.
The scorpion is severely wounded.
The scorpion stings you!
* * * LOW HITPOINT WARNING * * *
You are lethally poisoned!
The scorpion poisons you! The scorpion barely misses you.
* * * LOW HITPOINT WARNING * * *
You feel sick.
Drink which item? (? for menu, Esc to quit)
Your stasis keeps you stable.
It was a potion of haste.
* * * LOW HITPOINT WARNING * * *
You feel sick. The scorpion stings you.
* * * LOW HITPOINT WARNING * * *
Drink which item? (? for menu, Esc to quit)
You feel very mighty all of a sudden.
It was a potion of might.
* * * LOW HITPOINT WARNING * * *
You feel sick.
The scorpion stings you but does no damage.
Drink which item? (? for menu, Esc to quit)
Your magical effects are unravelling.
You feel magically purged.
It was a potion of cancellation.
You feel a little less mighty now.
* * * LOW HITPOINT WARNING * * *
You feel sick.
The scorpion stings you but does no damage.
Drink which item? (? for menu, Esc to quit)
Magic courses through your body.
It was a potion of magic.
The scorpion stings you but does no damage.
Drink which item? (? for menu, Esc to quit)
That liquid tasted very nasty...
You are more poisoned.
It was a potion of poison.
You die...

##.#.........#+##+#####
##.###+###......# #
.....#...'......# ..
.....+...#......+ .. .
##..##.###......##.# .#
##..##.####+#....#.##.#
.+..........+....+....+
.#..........#....#...
##########..#...@#'##
##########..#....s..#
<...........+.......#
##########.##.......#
##########'#....#####
.'......'..#....#
.#......#..+....#
############....# #####


You could see a scorpion.

Table legend:
 A = Kills in this place as a percentage of kills in entire the game.
 B = Kills by you in this place as a percentage of kills by you in the entire game.
 C = Kills by friends in this place as a percentage of kills by friends in the entire game.
 D = Other kills in this place as a percentage of other kills in the entire game.
 E = Experience gained in this place as a percentage of experience gained in the entire game.
 F = Experience gained in this place divided by the number of levels of this place that you have seen.
                   A       B       C       D       E      F
               +-------+-------+-------+-------+-------+----------------------
         Total | 100.0 | 100.0 |  -nan |  -nan | 100.0 |  68.8
       Dungeon | 100.0 | 100.0 |  -nan |  -nan | 100.0 |  86.0
               +-------+-------+-------+-------+-------+----------------------

Vanquished Creatures
  A giant frog (D:3)
  An orc priest (D:4)
  A gnoll (D:3)
  5 adders
  A giant mite (D:3)
  A worm (D:3)
  An ooze (D:2)
  7 orcs
  6 bats
  4 giant cockroaches
  5 goblins
  9 hobgoblins
  3 jackals (D:4)
  9 kobolds
  A quokka (D:3)
  A ball python (D:1)
  3 giant geckos
  3 giant newts
  2 goblin skeletons (D:4)
  8 rats
72 creatures vanquished.

Notes
Turn   | Place    | Note
--------------------------------------------------------------
     0 | Abyss:1  | magipi, the Formicid Abyssal Knight, began the quest for the Orb.
     0 | Abyss:1  | Reached XP level 1. HP: 18/18 MP: 1/1
     4 | D:1      | Escaped the Abyss
    42 | D:1      | Acquired Lugonu's first power
   253 | D:1      | Reached XP level 2. HP: 21/24 MP: 3/3
   789 | D:2      | Reached XP level 3. HP: 26/29 MP: 6/6
   934 | D:2      | HP: 1/29 [gnoll/flail (1)]
   935 | D:2      | You fall through a shaft!
  1754 | D:2      | Acquired Lugonu's second power
  1808 | D:2      | Reached XP level 4. HP: 25/35 MP: 8/8
  2029 | D:3      | Found a shattered altar of Ashenzari.
  2359 | D:3      | Noticed a giant frog
  2371 | D:3      | Killed a giant frog
  2371 | D:3      | Reached skill level 4 in Maces & Flails
  2371 | D:3      | Reached XP level 5. HP: 29/41 MP: 11/11
  2767 | D:4      | Found a sparkling altar of Nemelex Xobeh.
  2771 | D:4      | Noticed Blork the orc
  3119 | D:4      | Reached XP level 6. HP: 36/47 MP: 13/13
  3260 | D:3      | Reached skill level 5 in Invocations
  3563 | D:4      | Acquired Lugonu's third power
  3802 | D:4      | HP: 2/47 [poisoned by a scorpion]
  3805 | D:4      | Succumbed to poison (a potion of poison)

Action                   |  1- 3 |  4- 6 || total
-------------------------+-------+-------++-------
Melee: Mace              |   115 |   199 ||   314
Invok: Depart the Abyss  |     1 |       ||     1
 Abil: Shaft Self        |     1 |       ||     1
Evoke: Wand              |       |     1 ||     1
  Use: Potion            |       |     5 ||     5
  Eat: Chunk             |     2 |     6 ||     8
       Fruit             |     2 |       ||     2

Action                   |  1- 3 |  4- 6 || total
-------------------------+-------+-------++-------
Melee: Mace              |   115 |   199 ||   314
Invok: Depart the Abyss  |     1 |       ||     1
 Abil: Shaft Self        |     1 |       ||     1
Evoke: Wand              |       |     1 ||     1
  Use: Potion            |       |     5 ||     5
  Eat: Chunk             |     2 |     6 ||     8
       Fruit             |     2 |       ||     2

Action                   |  1- 3 |  4- 6 || total
-------------------------+-------+-------++-------
Melee: Mace              |   115 |   199 ||   314
Invok: Depart the Abyss  |     1 |       ||     1
 Abil: Shaft Self        |     1 |       ||     1
Evoke: Wand              |       |     1 ||     1
  Use: Potion            |       |     5 ||     5
  Eat: Chunk             |     2 |     6 ||     8
       Fruit             |     2 |       ||     2
